 Dungeon Crawl Stone Soup version 0.29.1-12-g30fa7ad0bf (webtiles) character file.

Game seed: 437078508975142980

1409 cheesebisquit the Trooper (level 8, -3/73 HPs)
             Began as a Minotaur Berserker on Dec 13, 2022.
             Was a Priest of Trog.
             Slain by an orc warrior
             ... wielding a +0 halberd
              (8 damage)
             ... on level 6 of the Dungeon.
             The game lasted 00:22:30 (4249 turns).

cheesebisquit the Trooper (Minotaur Berserker)      Turns: 4249, Time: 00:22:30

Health: -3/73      AC:  9    Str: 29    XL:     8   Next: 42%
Magic:  7/7        EV:  8    Int:  4    God:    Trog [***...]
Gold:   222        SH: 13    Dex: 11    Spells: 7/7 levels left

rFire   + . .      SeeInvis .   a - +0 hand axe
rCold   . . .      Faith    .   d - +0 tower shield
rNeg    . . .      Spirit   .   H - +3 ring mail {rPois}
rPois   +          Reflect  .   (helmet restricted)
rElec   .          Harm     .   (no cloak)
rCorr   .          Rampage  .   (no gloves)
Will    ++...                   (no boots)
Stlth   +.........              x - amulet of magic regeneration
HPRegen 1.22/turn               i - ring of protection from fire
MPRegen 0.50/turn               B - +6 ring of strength

@: strong-willed, on berserk cooldown, regenerating, slowed, very slow
A: horns 2, retaliatory headbutt
a: Renounce Religion, Berserk, Trog's Hand


You were on level 6 of the Dungeon.
You worshipped Trog.
Trog was most pleased with you.
You visited 1 branch of the dungeon, and saw 6 of its levels.

You collected 222 gold pieces.

Inventory:

Hand Weapons
 a - a +0 hand axe (weapon)
Missiles
 p - 57 stones (quivered)
 C - 2 javelins
Armour
 b - a +0 animal skin
 d - a +0 tower shield (worn)
 f - a +0 leather armour
 m - a +0 chain mail
 n - a +0 scale mail
 w - a +0 chain mail
 E - a +0 ring mail
 H - a +3 ring mail of poison resistance (worn)
Jewellery
 i - a ring of protection from fire (left hand)
 u - a ring of resist corrosion
 x - an amulet of magic regeneration (around neck)
 B - a +6 ring of strength (right hand)
 L - a ring of magical power
Wands
 v - a wand of digging (3)
 y - a wand of roots (3)
 G - a wand of flame (6)
Scrolls
 c - 2 scrolls of teleportation
 g - a scroll of enchant armour {unknown}
 k - 2 scrolls of enchant weapon {unknown}
 l - a scroll of magic mapping {unknown}
 o - a scroll of immolation {unknown}
 r - a scroll of amnesia {unknown}
 A - a scroll of poison {unknown}
 K - a scroll of identify
Potions
 e - 3 potions of curing
 h - a potion of heal wounds
 j - 2 potions of degeneration {unknown}
 q - 3 potions of ambrosia
 s - a potion of invisibility
 t - a potion of flight {unknown}
 z - a potion of attraction {unknown}
 D - a potion of cancellation {unknown}
 F - a potion of mutation {unknown}
 I - a potion of magic {unknown}
 J - a potion of lignification {unknown}


   Skills:
 + Level 7.2 Fighting
 + Level 7.2 Axes
 + Level 6.6 Armour
 - Level 2.3 Dodging
 + Level 5.9 Shields


You had 7 spell levels left.
You didn't know any spells.
Your spell library was empty.

Dungeon Overview and Level Annotations

Branches:
Dungeon (6/15)             Temple (0/1) D:4

Altars:
Cheibriados
Fedhas
Qazlal


Innate Abilities, Weirdness & Mutations

You have a pair of horns on your head.
You reflexively headbutt those who attack you in melee.


Message History

You hit the hound but do no damage.
The hound is almost dead.
You block the hound's attack. x2; The hound bites you.
You block the orc priest's attack.
You hit the hound.
You kill the hound!
Trog accepts your kill.
You hit the orc priest.
The orc warrior unwields a +0 halberd.
The orc warrior wields a +0 arbalest.
The orc warrior shoots a bolt.
The bolt closely misses you.
The orc priest hits you but does no damage.
You slash the orc priest! Your headbutt misses the orc priest.
The orc priest is almost dead.
You hit the orc. The orc priest barely misses you.
The orc hits you but does no damage. You block the orc priest's attack.
You hit the orc priest but do no damage.
The orc priest is almost dead.
You hit the orc.
You kill the orc!
Trog accepts your kill. You block the orc priest's attack.
Your skin crawls.
You feel strong-willed.
The orc warrior unwields a +0 arbalest.
The orc warrior wields a +0 halberd.
You block the orc warrior's attack. The orc priest barely misses you.
You furiously retaliate!
You headbutt the orc priest.
You kill the orc priest!
Trog accepts your kill.
You hit the orc warrior but do no damage.
The orc warrior barely misses you.
The orc warrior hits you with a +0 halberd!
You hit the orc warrior but do no damage.
The orc warrior hits you with a +0 halberd!
* * * LOW HITPOINT WARNING * * *
You block the orc warrior's attack.
You closely miss the orc warrior.
The orc warrior hits you with a +0 halberd!
* * * LOW HITPOINT WARNING * * *
The orc warrior hits you with a +0 halberd!
You die...

... ... ....
...# ##..#
#######...
#.....o)# #
####.#...@# .#
#.........##:#
+..$...)††...#
#......#.†#.##
#......#..#.#
#......#<..#.
#......###..##
####... ....#
#### #..#..


You could see an orc warrior.

Vanquished Creatures
  A steam dragon (D:5)
  Duvessa (D:4)
  A black bear (D:5)
  An ice beast (D:5)
  2 phantoms
  A bullfrog (D:5)
  A scorpion (D:6)
  Dowan (D:4)
  3 orc priests
  7 hounds
  Jessica (D:2)
  Ijyb (D:3)
  Terence (D:3)
  An iguana (D:5)
  Natasha (thrice) (D:2)
  9 adders
  A white imp (D:5)
  An ufetubus (D:5)
  4 dart slugs
  16 orcs
  14 ball pythons
  9 bats
  4 endoplasms
  2 giant cockroaches
  3 goblins
  2 hobgoblins
  4 quokkas
  A frilled lizard (D:3)
  9 kobolds
  7 rats
112 creatures vanquished.

Vanquished Creatures (others)
  9 fungi (D:3)
  4 plants (D:3)
  2 withered plants (D:1)
15 creatures vanquished.

Grand Total: 127 creatures vanquished

Notes
Turn   | Place    | Note
-------+----------+-------------------------------------------
     0 | D:1      | cheesebisquit the Minotaur Berserker began the quest for
                  | the Orb.
     0 | D:1      | Reached XP level 1. HP: 19/19 MP: 0/0
   130 | D:1      | Reached XP level 2. HP: 16/27 MP: 1/1
   305 | D:1      | Found a faded altar of an unknown god.
   604 | D:1      | Reached skill level 1 in Shields
   712 | D:1      | Reached XP level 3. HP: 33/33 MP: 2/2
  1024 | D:2      | Reached ** piety under Trog
  1126 | D:2      | Noticed Natasha
  1136 | D:2      | Killed Natasha
  1251 | D:2      | Noticed Jessica
  1255 | D:2      | Reached XP level 4. HP: 40/40 MP: 3/3
  1273 | D:2      | Killed Jessica
  1479 | D:2      | Noticed Natasha
  1484 | D:2      | Killed Natasha
  1812 | D:2      | Noticed Natasha
  1819 | D:2      | Killed Natasha
  1820 | D:2      | Reached XP level 5. HP: 47/47 MP: 4/4
  1873 | D:3      | Found a blossoming altar of Fedhas.
  1984 | D:3      | Noticed Ijyb
  1991 | D:3      | Killed Ijyb
  2189 | D:3      | Reached skill level 5 in Fighting
  2189 | D:3      | Reached skill level 5 in Axes
  2499 | D:3      | Noticed Terence
  2508 | D:3      | Killed Terence
  2703 | D:3      | Reached XP level 6. HP: 56/56 MP: 5/5
  2985 | D:4      | Noticed Duvessa
  2987 | D:4      | Noticed Dowan
  3000 | D:4      | Killed Duvessa
  3001 | D:4      | Reached skill level 5 in Armour
  3001 | D:4      | Reached XP level 7. HP: 62/62 MP: 6/6
  3002 | D:4      | Killed Dowan
  3055 | D:4      | Found a staircase to the Ecumenical Temple.
  3388 | D:5      | Entered Level 5 of the Dungeon
  3713 | D:5      | Found a stormy altar of Qazlal.
  3723 | D:5      | Found a snail-covered altar of Cheibriados.
  3901 | D:5      | Noticed a steam dragon
  3910 | D:5      | Killed a steam dragon
  3911 | D:5      | Reached skill level 5 in Shields
  3937 | D:5      | Reached *** piety under Trog
  4008 | D:5      | Reached XP level 8. HP: 68/71 MP: 7/7
  4249 | D:6      | Slain by an orc warrior

Illustrated notes

Levels and vault maps discovered:
D:1:      sevenhm_arrival_forest_fort_small_3, layout_basic,
          ebering_ecumenical_altar_petrified
D:2:      layout_loops_ring, eino_tiny_chamber, uniq_natasha, uniq_jessica
D:3:      layout_loops_ring, fedhas_altar_3, uniq_terence, uniq_ijyb
D:4:      layout_cave_pools, minmay_temple_entry_junction, nrook_campfire,
          uniq_duvessa
D:5:      minmay_octagon_keep, layout_basic, amethyst_overflow_temple_binary,
          minmay_misc_feat_columns
D:6:      layout_basic, lemuel_coloured_pillars_altar,
          dreamdust_mushroom_princess, minmay_manual_mess

Skill      XL: |  1  2  3  4  5  6  7  8 |
---------------+-------------------------+-----
Fighting       | 4 5 6 7 |  7.2
Shields        | 1 2 3 4 5 |  5.9
Axes           | 4 5 6 7 |  7.2
Armour         | 3 4 5 6 |  6.6
Dodging        | |  2.3

Action                   |  1- 3 |  4- 6 |  7- 9 || total
-------------------------+-------+-------+-------++-------
Melee: Hand axe          |    76 |   126 |    90 ||   292
       Headbutt          |     7 |    15 |    11 ||    33
Invok: Berserk           |     3 |     6 |     2 ||    11
       Trog's Hand       |       |       |     1 ||     1
  Use: Scroll            |       |       |     8 ||     8
Armor: Animal skin       |     4 |       |       ||     4
       Leather armour    |    12 |       |       ||    12
       Chain mail        |    15 |    56 |       ||    71
       Ring mail         |       |       |    57 ||    57
Dodge: Dodged            |    23 |    12 |    46 ||    81
Block: Tower shield      |    34 |    69 |    86 ||   189
